 Dungeon Crawl Stone Soup version 0.22-a0-248-gc8378ba (webtiles) character file.

4694 JeffiDaFish the Thaumaturge (level 10, -8/81 HPs)
             Began as a Black Draconian Fire Elementalist on Feb 28, 2018.
             Was a Follower of Vehumet.
             Shot with a sling bullet by Joseph (15 damage)
             ... on level 9 of the Dungeon.
             The game lasted 00:26:10 (9164 turns).

JeffiDaFish the Thaumaturge (DrFE)                  Turns: 9164, Time: 00:26:10

Health: -8/81      AC: 11    Str: 14    XL:     10   Next: 21%
Magic:  2/22       EV: 15    Int: 18    God:    Vehumet [*.....]
Gold:   520        SH:  0    Dex: 13    Spells: 9/25 levels left

rFire    . . .     SeeInvis +   n - +2 flail (venom)
rCold    . . .     Gourm    .   (no shield)
rNeg     . . .     Faith    .   (armour unavailable)
rPois    .         Spirit   .   (helmet restricted)
rElec    +         Reflect  .   m - +0 cloak
rCorr    .         Harm     .   (no gloves)
MR       .....                  (no boots)
Stlth    ++........             (no amulet)
HPRegen  0.23/turn              d - +3 ring of protection
MPRegen  0.18/turn              t - +4 ring of strength

@: very slightly contaminated
A: breathe lightning, unfitting armour, beak, see invisible, electricity
resistance, cold-blooded, AC +7
a: Breathe Lightning, Renounce Religion


You were on level 9 of the Dungeon.
You worshipped Vehumet.
Vehumet was aware of your devotion.
You were hungry.

You visited 2 branches of the dungeon, and saw 10 of its levels.

You collected 520 gold pieces.

Inventory:

Hand Weapons
 j - a +3 whip of freezing
 n - a +2 flail of venom (weapon)
Armour
 m - a +0 cloak (worn)
Jewellery
 d - a +3 ring of protection (left hand)
 i - a +3 ring of protection
 s - an uncursed ring of resist corrosion
 t - a +4 ring of strength (right hand)
Wands
 l - a wand of iceblast (11)
Scrolls
 b - 3 scrolls of identify
 c - a scroll of amnesia
 f - 5 scrolls of teleportation
 g - a scroll of fog
 h - 2 scrolls of fear
 k - 2 scrolls of magic mapping
 p - a scroll of blinking
Potions
 e - 5 potions of curing
 o - a potion of brilliance
 q - 2 potions of heal wounds
 r - a potion of magic
 u - a potion of haste
Comestibles
 a - 19 rations
 v - 4 chunks of flesh


   Skills:
 - Level 5.5 Fighting
 * Level 6.1 Dodging
 - Level 2.0 Stealth
 + Level 8.4 Spellcasting
 * Level 8.4 Conjurations
 * Level 7.2 Fire Magic


You had 9 spell levels left.
You knew the following spells:

 Your Spells              Type           Power        Failure   Level  Hunger
a - Flame Tongue          Conj/Fire      #####        1%          1    None
b - Conjure Flame         Conj/Fire      #####...     1%          3    None
c - Sticky Flame          Conj/Fire      #####...     3%          4    ###....
d - Inner Flame           Hex/Fire       ###.....     6%          3    None
e - Fireball              Conj/Fire      #####.....   10%         5    #####..


Dungeon Overview and Level Annotations

Branches:
Dungeon (9/15)             Temple (1/1) D:7
   Lair: D:8-11         Orc: D:9-12

Altars:
Cheibriados
Hepliaklqana
Makhleb
Nemelex Xobeh
Okawaru
Trog
Uskayaw
Vehumet
Wu Jian
Xom
Yredelemnul

Annotations:
D:9 Joseph


Innate Abilities, Weirdness & Mutations

You can breathe wild blasts of lightning.
Your glossy black scales are hard. (AC +7)
You cannot fit into any form of body armour.
You are resistant to electric shocks. (rElec)
You are cold-blooded and may be slowed by cold attacks.
You have a beak for a mouth.
You have supernaturally acute eyesight. (SInv)


Message History

Joseph hits you with an uncursed quarterstaff of speed.
You hit Joseph.
Joseph is poisoned.
Joseph is moderately wounded.
Joseph closely misses you.
Joseph hits you with an uncursed quarterstaff of speed!
* * * LOW HITPOINT WARNING * * *
You closely miss Joseph. You tail-slap Joseph.
Joseph is heavily wounded.
Joseph hits you with an uncursed quarterstaff of speed!
* * * LOW HITPOINT WARNING * * *
Joseph hits you with an uncursed quarterstaff of speed.
* * * LOW HITPOINT WARNING * * *
Joseph unwields an uncursed quarterstaff of speed.
Joseph wields an uncursed hunting sling.
Joseph shoots a sling bullet.
The sling bullet hits you but does no damage.
Things that are here:
a sling bullet; a short sword Joseph shoots a sling bullet.
The sling bullet hits you!
You die...

....# ### ....# #%.
#.#.# # ##.## ##.#.#
##. ##...## #....#
....#.....###....#
##.#.?.....##..(.###
#....@..(@(.(.(<...#
#..#....)).(.......#
##...))(........#
##...####...####
###.# #...# #.#
#...# #.# ##.## ...
... ..#


You could see Joseph.

Vanquished Creatures
  A two-headed ogre (D:8)
  Grinder (D:3)
  3 hogs (D:8)
  A yak (D:8)
  A human (D:8)
  Menkaure (D:6)
  Duvessa (D:4)
  A black bear (D:7)
  2 sky beasts
  3 orc warriors
  A phantom (D:7)
  3 ogres
  3 centaurs
  3 big kobolds
  2 scorpions (D:8)
  Dowan (D:4)
  2 howler monkeys (D:5)
  3 crimson imps
  Crazy Yiuf (D:4)
  A jelly (D:8)
  4 orc priests
  A bullfrog skeleton (D:6)
  A hound (D:8)
  A centaur skeleton (D:6)
  Jessica (D:3)
  8 worker ants
  Terence (D:3)
  4 iguanas
  11 orc wizards
  Robin (D:3)
  A worker ant zombie (D:5)
  9 adders
  A shadow imp (D:6)
  2 oozes
  2 adder zombies
  5 worms
  A dart slug (D:1)
  4 leopard geckos
  30 orcs
  2 ball pythons
  2 bat zombies (D:1)
  3 giant cockroaches
  21 goblins
  13 hobgoblins
  6 jackals (D:1)
  5 quokkas
  7 bats
  7 frilled lizards
  20 kobolds
  8 rats
  A fungus (D:4)
218 creatures vanquished.

Vanquished Creatures (others)
  An orc wizard (D:2)
  An orc (D:3)
  A hobgoblin (D:2)
3 creatures vanquished.

Grand Total: 221 creatures vanquished

Notes
Turn   | Place    | Note
-------+----------+-------------------------------------------
     0 | D:1      | JeffiDaFish the Draconian Fire Elementalist began the quest for the Orb.
     0 | D:1      | Reached XP level 1. HP: 14/14 MP: 3/3
   265 | D:1      | Reached XP level 2. HP: 8/20 MP: 0/5
   888 | D:1      | Reached XP level 3. HP: 26/26 MP: 3/6
  1180 | D:1      | Reached skill level 5 in Fighting
  1180 | D:1      | Reached skill level 5 in Conjurations
  1180 | D:1      | Reached XP level 4. HP: 42/42 MP: 7/13
  1185 | D:1      | Learned a level 3 spell: Conjure Flame
  1190 | D:1      | Learned a level 4 spell: Sticky Flame
  1194 | D:1      | Learned a level 3 spell: Inner Flame
  2082 | D:2      | Reached XP level 5. HP: 39/48 MP: 3/14
  2106 | D:2      | Found a basalt altar of Yredelemnul.
  2345 | D:3      | Noticed a sky beast
  2356 | D:3      | Killed a sky beast
  2356 | D:3      | Reached XP level 6. HP: 27/56 MP: 4/16
  2365 | D:3      | Noticed Grinder
  2533 | D:3      | Paralysed by Grinder for 7 turns
  2545 | D:3      | Killed Grinder
  2636 | D:3      | Learned a level 5 spell: Fireball
  2714 | D:3      | Noticed Terence
  2733 | D:3      | Killed Terence
  2833 | D:3      | Your scales start taking on a glossy black colour.
  2833 | D:3      | Reached XP level 7. HP: 59/61 MP: 8/17
  2833 | D:3      | Gained mutation: You are resistant to electric shocks. (rElec) [Black Draconian growth]
  2906 | D:3      | Noticed Jessica
  2907 | D:3      | Killed Jessica
  3129 | D:3      | Noticed Robin
  3157 | D:3      | Killed Robin
  4045 | D:4      | Noticed Duvessa
  4046 | D:4      | Noticed Dowan
  4060 | D:4      | Killed Duvessa
  4060 | D:4      | Killed Dowan
  4338 | D:4      | Found a runed door.
  4342 | D:4      | Noticed Crazy Yiuf
  4346 | D:4      | Killed Crazy Yiuf
  4631 | D:5      | Entered Level 5 of the Dungeon
  4656 | D:5      | Reached XP level 8. HP: 64/69 MP: 13/19
  4811 | D:5      | Found an iron altar of Okawaru.
  4965 | D:5      | Reached skill level 5 in Fire Magic
  6164 | D:6      | Noticed Menkaure
  6169 | D:6      | Killed Menkaure
  6568 | D:6      | Reached XP level 9. HP: 74/74 MP: 2/20
  7149 | D:7      | Reached skill level 5 in Dodging
  7919 | D:7      | Found a staircase to the Ecumenical Temple.
  7967 | D:7      | Found a faded altar of an unknown god.
  7994 | Temple   | Entered the Ecumenical Temple
  8003 | Temple   | Became a worshipper of Vehumet
  8390 | D:8      | Gained mutation: You have a beak for a mouth. [potion of mutation]
  8390 | D:8      | Gained mutation: You have supernaturally acute eyesight. (SInv) [potion of mutation]
  8836 | D:8      | Noticed a two-headed ogre
  8844 | D:8      | Killed a two-headed ogre
  8844 | D:8      | Reached XP level 10. HP: 65/81 MP: 10/22
  8867 | D:8      | Reached * piety under Vehumet
  8867 | D:8      | Offered knowledge of Shock by Vehumet.
  9143 | D:9      | Noticed Joseph
  9164 | D:9      | Shot with a sling bullet by Joseph

Vault maps used:
D:1:      saegor_arrival_fortress, st_stairs_1, dk_noncrumbling_4,
          minmay_pentomino_s2
D:2:      overflow_temple_1_default, first_ration
D:3:      corexii_item_surrounded_by_moat, lemuel_old_faithful, uniq_grinder,
          uniq_robin, uniq_terence, uniq_jessica
D:4:      uniq_duvessa, uniq_crazy_yiuf_cottage
D:5:      lemuel_tele_altar
D:6:      uniq_menkaure
D:7:      nicolae_temple_entry_ecumenical, serial_glass, glass_columns_a,
          glass_columns_a
D:8:      grunt_livestock, st_stairs_6
D:9:      serial_shops, shop, uniq_erica, uniq_pikel, uniq_joseph
Temple:   compressed_dpeg_triangle_lava_temple

Skill      XL: |  1  2  3  4  5  6  7  8  9 10 |
---------------+-------------------------------+-----
Dodging        | 2 3 4 5 6 |  6.1
Stealth        | 2 |  2.0
Fighting       | 5 |  5.5
Spellcasting   | 7 8 |  8.4
Conjurations   | 5 6 7 8 |  8.4
Fire Magic     | 4 5 6 7 |  7.2

Action                   |  1- 3 |  4- 6 |  7- 9 | 10-12 || total
-------------------------+-------+-------+-------+-------++-------
Melee: Unarmed           |    36 |       |       |       ||    36
       Tailslap          |     3 |     6 |    21 |     3 ||    33
       Dagger            |    28 |    35 |       |       ||    63
       Whip              |       |    41 |    81 |       ||   122
       Flail             |       |       |    91 |    26 ||   117
       Peck              |       |       |     1 |     2 ||     3
 Cast: Flame Tongue      |    21 |    58 |   151 |    18 ||   248
       Sticky Flame      |       |     5 |    34 |       ||    39
       Inner Flame       |       |       |     6 |     2 ||     8
       Conjure Flame     |       |       |     5 |     1 ||     6
       Fireball          |       |       |     6 |     3 ||     9
 Abil: Breathe Lightning |       |       |     1 |       ||     1
  Use: Scroll            |     4 |     5 |     5 |       ||    14
       Potion            |     2 |     3 |     5 |       ||    10
 Stab: Sleeping          |     3 |     4 |     4 |       ||    11
       Distracted        |       |       |     1 |       ||     1
  Eat: Chunk             |     1 |     6 |    22 |     2 ||    31
       Ration            |       |       |     1 |       ||     1
Armor: Skin              |    39 |    32 |    61 |     5 ||   137
Dodge: Dodged            |    61 |    45 |   125 |    28 ||   259

Table legend:
 A = Spawn XP
 B = Non-spawn XP
 C = Spawn XP percentage of total XP
 D = Spawn monster count
 E = Non-spawn monster count
 F = Spawn count percentage of total count
 G = Total turns spent on level
                    A         B        C        D         E        F      G
               +---------+---------+-------+---------+---------+-------+---------
         Total |       0 |    6645 |   0.0 |       0 |     218 |   0.0 |  9164
               +---------+---------+-------+---------+---------+-------+---------
           D:1 |       0 |      65 |   0.0 |       0 |      34 |   0.0 |  1500
           D:2 |       0 |     119 |   0.0 |       0 |      31 |   0.0 |   995
           D:3 |       0 |     654 |   0.0 |       0 |      38 |   0.0 |   929
           D:4 |       0 |     524 |   0.0 |       0 |      20 |   0.0 |  1207
           D:5 |       0 |     465 |   0.0 |       0 |      14 |   0.0 |  1022
           D:6 |       0 |    1139 |   0.0 |       0 |      20 |   0.0 |  1172
           D:7 |       0 |     870 |   0.0 |       0 |      25 |   0.0 |  1296
           D:8 |       0 |    2700 |   0.0 |       0 |      28 |   0.0 |   996
           D:9 |       0 |     109 |   0.0 |       0 |       8 |   0.0 |    30
               +---------+---------+-------+---------+---------+-------+---------
